 Dungeon Crawl Stone Soup version 0.20-a0-1043-gbd57889 (webtiles) character file.

38 Gorglomux the Skirmisher (level 3, -5/31 HPs)
             Began as a Hill Orc Venom Mage on Apr 24, 2017.
             Killed from afar by Natasha (8 damage)
             ... with a magic dart
             ... on level 2 of the Dungeon.
             The game lasted 00:04:00 (1921 turns).

Gorglomux the Skirmisher (Hill Orc Venom Mage)      Turns: 1921, Time: 00:04:00

Health: -5/31      AC:  2    Str: 10    XL:     3   Next: 43%
Magic:  1/5        EV: 17    Int: 15    God:
Gold:   67         SH:  0    Dex: 17    Spells: 4/5 levels left

rFire    . . .     SeeInvis .   e - +0 short sword
rCold    . . .     Gourm    .   (no shield)
rNeg     . . .     Faith    .   a - +0 robe
rPois    .         Spirit   .   (no helmet)
rElec    .         Reflect  .   (no cloak)
rCorr    .         Harm     .   (no gloves)
MR       .....                  (no boots)
Stlth    +++.......             (no amulet)
Regen    0.1/turn               (no ring)
MPRegen  0.1/turn               (no ring)

@: agile, slowed, very slow
A: no striking features
a: no special abilities


You were on level 2 of the Dungeon.
You were not hungry.

You visited 1 branch of the dungeon, and saw 2 of its levels.

You collected 67 gold pieces.

Inventory:

Hand Weapons
 e - a +0 short sword (weapon)
   (You took it off a kobold on level 1 of the Dungeon)
Armour
 a - a +0 robe (worn)
Jewellery
 k - an uncursed amulet of guardian spirit {unknown}
   (You found it on level 2 of the Dungeon)
Scrolls
 d - a scroll of amnesia {unknown}
 g - a scroll of identify {unknown}
Potions
 f - 2 potions of curing
 i - 2 potions of heal wounds {unknown}
 j - a potion of degeneration {unknown}
Books
 b - a Young Poisoner's Handbook
Comestibles
 c - a bread ration {@e1@e1}


   Skills:
 + Level 3.4 Fighting
 - Level 1.5 Dodging
 - Level 1.5 Stealth
 - Level 1.6 Spellcasting
 - Level 1.0 Conjurations
 - Level 2.8 Poison Magic


You had 4 spell levels left.
You knew the following spells:

 Your Spells              Type           Power        Failure   Level  Hunger
a - Sting                 Conj/Pois      #...         11%         1    ##.....


Dungeon Overview and Level Annotations

Branches:
Dungeon (2/15)

Altars:

Annotations:
D:2 Natasha


Message History

The sting hits the hobgoblin.
The hobgoblin is poisoned.
The hobgoblin hits you.
You take 1 damage, and have 17/31 hp.
You now have 3/5 mp.
Aim: a hobgoblin (heavily wounded, poisoned)
The sting hits the hobgoblin.
The hobgoblin looks even sicker.
You kill the hobgoblin!
You now have 2/5 mp.
Unknown command.
You can't see any susceptible monsters within range! (Use Z to cast anyway.) Unknown command.
You start resting.
All of the chunks of flesh in your inventory have rotted away.
Health restored: 31; MP restored: 5 A kobold comes into view.
A kobold is nearby!
A kobold is nearby!
A rat comes into view.
Found an amethyst potion.
Found a stone staircase leading down.
Aim: a kobold (resting)
You miscast Sting.
You are very lightly contaminated with residual magic.
Sparks fly from your hands!
You now have 4/5 mp.
Unknown command.
Aim: a kobold (resting)
The sting hits the kobold.
The kobold appears unharmed.
You are feeling hungry.
You now have 3/5 mp.
Aim: a kobold The sting hits the kobold.
The kobold is poisoned.
You now have 2/5 mp.
Aim: a kobold (severely wounded, poisoned)
The sting hits the kobold.
The kobold looks even sicker.
You kill the kobold!
You now have 1/5 mp.
You see here a kobold corpse.
Unknown command.
You completely miss the rat. The rat barely misses you.
You hit the rat.
You kill the rat!
Unknown command.
No target in view!
No target in view!
You see here a rat corpse.
You butcher the rat corpse.
h - a chunk of flesh {@w0@w0} You see here a rat skeleton.
Eating a chunk of flesh {@w0@w0}.
You eat the chunk of flesh {@w0@w0}.
f - 3 amethyst potions (gained 1)
You now have 67 gold pieces (gained 9).
Natasha, Servant of Life and Death comes into view.
Natasha hisses angrily.
Aim: Natasha The sting hits Natasha.
Natasha stares at you and mumbles some strange words.
You resist with significant effort.
You now have 1/5 mp.
Aim: Natasha (moderately wounded)
The sting hits Natasha.
Natasha appears unharmed.
Natasha stares at you and mumbles some strange words.
You feel yourself slow down.
Your magical contamination has completely faded away.
Unknown command.
Aim: Natasha (moderately wounded)
The sting hits Natasha.
Natasha appears unharmed.
You now have 0/5 mp.
Unknown command.
You aren't carrying any items that you can evoke.
It was a potion of curing.
You feel better.
Natasha mumbles some strange words.
You hit Natasha but do no damage. Natasha barely misses you.
The white imp barely misses you.
Natasha mumbles some strange words.
You closely miss Natasha. The white imp hits you. The white imp freezes you.
The crimson imp closely misses you. Natasha barely misses you.
The white imp barely misses you.
You take 4 damage, and have 27/31 hp.
Unknown command.
You hit Natasha.
The crimson imp blinks!
Natasha casts a spell.
The white imp puffs mist at you. The white imp hits you.
The white imp freezes you. Natasha misses you.
You take 3 damage, and have 24/31 hp.
Unknown command.
It was a potion of agility.
You feel agile all of a sudden. The white imp gestures at you.
The puff of frost hits you! Natasha claws you. The white imp misses you.
You take 12 damage, and have 12/31 hp.
MASSIVE DAMAGE!!
You closely miss Natasha. The crimson imp completely misses you.
Natasha mumbles some strange words.
Natasha's front paws start to glow.
Natasha barely misses you. The white imp gestures at you.
The puff of frost hits you!
* * * LOW HITPOINT WARNING * * *
Natasha casts a spell at you. The magic dart hits you!
You die...

#.# ######### #.#
#.......# #.#
#.......# #.#
#.......# #.#
#......># ######<#
#.......# .....#.#
#÷......# .......#
#....5..#
.###.######†....@.#
.#
#.#.........5h5......
.#
#.#.####.............
.###.#.#
########.#####
...#.#.# .# ##.#.#.#
.# ...#.#.# #
####.#.# #.#.####


You could see an iron imp, Natasha, a crimson imp and a white imp.

Vanquished Creatures
  A dart slug (D:1)
  5 bats
  4 goblins
  5 hobgoblins
  6 jackals (D:1)
  3 ball pythons
  3 frilled lizards (D:1)
  3 kobolds
  4 rats
34 creatures vanquished.

Notes
Turn   | Place    | Note
-------+----------+-------------------------------------------
     0 | D:1      | Gorglomux the Hill Orc Venom Mage began the quest for the Orb.
     0 | D:1      | Reached XP level 1. HP: 14/14 MP: 3/3
   315 | D:1      | Reached skill level 1 in Fighting
   414 | D:1      | Reached XP level 2. HP: 23/23 MP: 2/4
   520 | D:1      | Reached skill level 2 in Fighting
   590 | D:1      | HP: 6/25 [jackal (1)]
   988 | D:1      | Reached XP level 3. HP: 28/30 MP: 1/5
  1467 | D:2      | Reached skill level 3 in Fighting
  1912 | D:2      | Noticed Natasha
  1921 | D:2      | HP: 3/31 [white imp/puff of frost[Natasha] (10)]
  1921 | D:2      | Killed from afar by Natasha

Vault maps used:
D:1:      dpeg_arrival_shelter, minmay_statues_item, hangedman_decor_points
D:2:      uniq_sigmund, uniq_natasha

Skill      XL: |  1  2  3 |
---------------+----------+-----
Fighting       | 1 2 3 |  3.4
Dodging        | |  1.5
Stealth        | |  1.5
Spellcasting   | |  1.6
Conjurations   | |  1.0
Poison Magic   | |  2.8

Action                   || total
-------------------------++-------
Melee: Short sword       ||    51
Throw: Stone             ||     3
 Cast: Sting             ||    59
  Use: Potion            ||     2
 Stab: Sleeping          ||     1
  Eat: Chunk             ||     5
Armor: Robe              ||    11
Dodge: Dodged            ||    58

Vault maps used:
D:1:      dpeg_arrival_shelter, minmay_statues_item, hangedman_decor_points
D:2:      uniq_sigmund, uniq_natasha

Table legend:
 A = Turns spent in this place as a percentage of turns spent in the entire game.
 B = Non-inter-level travel turns spent in this place as a percentage of non-inter-level travel turns spent in the entire game.
 C = Inter-level travel turns spent in this place as a percentage of turns spent in this place.
 D = Turns resting spent in this place as a percentage of non-inter-level travel turns spent in this place.
 E = Turns spent auto-exploring this place as a percentage of non-inter-level travel turns spent in this place.
 F = Non-inter-level travel turns spent in this place divided by the number of levels of this place that you've seen.
                   A       B       C       D       E      F
               +-------+-------+-------+-------+-------+----------------------
         Total | 100.0 | 100.0 |   0.2 |   6.8 |  10.5 | 228.5
       Dungeon | 100.0 | 100.0 |   0.2 |   6.8 |  10.5 | 228.5
               +-------+-------+-------+-------+-------+----------------------

Table legend:
 A = Kills in this place as a percentage of kills in entire the game.
 B = Kills by you in this place as a percentage of kills by you in the entire game.
 C = Kills by friends in this place as a percentage of kills by friends in the entire game.
 D = Other kills in this place as a percentage of other kills in the entire game.
 E = Experience gained in this place as a percentage of experience gained in the entire game.
 F = Experience gained in this place divided by the number of levels of this place that you have seen.
                   A       B       C       D       E      F
               +-------+-------+-------+-------+-------+----------------------
         Total | 100.0 | 100.0 |  -nan |  -nan | 100.0 |  27.5
       Dungeon | 100.0 | 100.0 |  -nan |  -nan | 100.0 |  27.5
               +-------+-------+-------+-------+-------+----------------------
